 Dungeon Crawl Stone Soup version 0.30-a0-726-gd89dcf765f (webtiles) character file.

Game seed: 2105172263602076455

119 scionoferis the Vexing (level 4, 0/34 HPs)
             Began as a Demigod Hexslinger on Jan 29, 2023.
             Slain by a black bear (3 damage)
             ... on level 3 of the Dungeon.
             The game lasted 00:03:58 (1691 turns).

scionoferis the Vexing (Demigod Hexslinger)         Turns: 1691, Time: 00:03:59

Health: 0/34       AC:  2    Str: 11    XL:     4   Next: 46%
Magic:  6/8        EV: 13    Int: 15    God:
Gold:   62         SH:  0    Dex: 18    Spells: 4/5 levels left

rFire   . . .      SeeInvis .    a - +2 dagger (elec)
rCold   . . .      Faith    .    (no shield)
rNeg    . . .      Spirit   .    c - +0 robe
rPois   .          Reflect  .    (no helmet)
rElec   .          Harm     .    (no cloak)
rCorr   .          Rampage  .    (no gloves)
Will    .....                    (no boots)
Stlth   ++                       (no amulet)
HPRegen 0.25/turn                (no ring)
MPRegen 0.11/turn                (no ring)

@: no status effects
A: high MP 1, forlorn, divine attributes
a: no special abilities


You were on level 3 of the Dungeon.
You visited 1 branch of the dungeon, and saw 3 of its levels.

You collected 62 gold pieces.


Innate Abilities, Weirdness & Mutations

You have an increased reservoir of magic. (+10% MP)
You shall have no god before yourself.
Your divine heritage dramatically boosts your attributes as you level up.


   Skills:
 - Level 0.8 Fighting
 * Level 2.0 Short Blades
 - Level 2.6 Ranged Weapons
 + Level 2.6 Dodging
 + Level 2.0 Stealth
 - Level 1.0 Spellcasting
 - Level 2.6 Hexes


You had 4 spell levels left.
You knew the following spells:

 Your Spells              Type           Power      Damage    Failure   Level
a - Slow                  Hex            32%        N/A       9%          1

Your spell library contained the following spells:

 Spells                   Type           Power      Damage    Failure   Level
 Beastly Appendage        Tmut           0%         N/A       24%         1
 Wereblood                Tmut           0%         N/A       36%         2
 Inner Flame              Hex/Fire       4%         N/A       38%         3
 Portal Projectile        Hex/Tloc       8%         N/A       38%         3
 Spider Form              Tmut/Pois      0%         N/A       58%         3
 Cause Fear               Hex            4%         N/A       63%         4

Inventory:

Hand Weapons
 a - a +2 dagger of electrocution (weapon)
   (You found it on level 2 of the Dungeon)
 b - a +1 sling
Armour
 c - a +0 robe (worn)
Magical Staves
 j - a staff of conjuration
   (You found it on level 1 of the Dungeon)
Jewellery
 d - a ring of ice
   (You found it on level 1 of the Dungeon)
Wands
 q - a wand of polymorph (14)
   (You took it off Natasha on level 2 of the Dungeon)
Scrolls
 e - a scroll of teleportation
 f - a scroll of enchant weapon
 g - a scroll of identify
 h - a scroll of noise
 l - a scroll of poison
 n - a scroll of vulnerability
 p - a scroll of fear
Potions
 i - a potion of magic {unknown}
 k - 2 potions of haste {unknown}
 m - a potion of curing {unknown}
 o - a potion of resistance {unknown}

Dungeon Overview and Level Annotations

Branches:
Dungeon (3/15)

##+## ##...#####
##.....#...
##........#
...####.........#
......'.........+
...####.........#
##.h@.....#
##.....#.#
##...## ##+##


You could see a black bear (berserk).


Message History

Welcome, scionoferis the Demigod Hexslinger.
The heart of this dungeon contains the incredible artefact, the Orb of Zot.
Press ? for a list of commands and other information.
Found a staircase leading out of the dungeon.
As you open the large door, it creaks loudly!
There is a large open door here.
d - a ring of ice You now have 12 gold pieces.
e - a scroll labelled UHONIN DAOCE
Found a stone staircase leading down.
There is a stone staircase leading down here.
f - a scroll labelled TURIDW YTADGHIB A ball python comes into view.
You shoot a sling bullet. The sling bullet hits the ball python!
You kill the ball python!
No target in view!
No target in view!
You open the door.
There is an open door here.
You open the door.
Found 5 stones.
There is an open door here.
You open the door.
There is an open door here.
You open the door.
There is an open door here.
Found a stone staircase leading down.
A rat comes into view.
Found a scroll labelled NYPNEKITUPP.
You shoot a sling bullet. The sling bullet hits the rat!
You kill the rat!
No target in view!
No target in view!
g - a scroll labelled NYPNEKITUPP
h - a scroll labelled FOYMUUSYFA
i - a bubbling black potion
There is a stone staircase leading down here.
You see here 5 stones.
A hobgoblin comes into view.
You shoot a sling bullet.
The sling bullet barely misses the hobgoblin.
You shoot a sling bullet.
The sling bullet barely misses the hobgoblin.
You shoot a sling bullet.
The sling bullet closely misses the hobgoblin.
You shoot a sling bullet. The sling bullet hits the hobgoblin.
The hobgoblin is moderately wounded.
The hobgoblin hits you but does no damage.
You shoot a sling bullet.
The sling bullet closely misses the hobgoblin.
The hobgoblin barely misses you. x2
You shoot a sling bullet.
The sling bullet closely misses the hobgoblin.
The hobgoblin barely misses you.
You shoot a sling bullet.
The sling bullet closely misses the hobgoblin.
The hobgoblin barely misses you.
You shoot a sling bullet.
The sling bullet closely misses the hobgoblin.
The hobgoblin closely misses you. The hobgoblin hits you.
You shoot a sling bullet.
The sling bullet closely misses the hobgoblin.
The hobgoblin closely misses you.
You shoot a sling bullet. The sling bullet hits the hobgoblin.
You kill the hobgoblin!
No target in view!
No target in view!
You see here a staff of conjuration.
j - a staff of conjuration HP restored.
Found a leather armour. 2 rats come into view.
You shoot a sling bullet. The sling bullet hits the rat!
You kill the rat!
Your Ranged Weapons skill increases to level 2!
You shoot a sling bullet.
The sling bullet completely misses the rat.
You shoot a sling bullet. The sling bullet hits the rat.
You kill the rat!
No target in view!
No target in view!
No target in view!
You see here a +0 leather armour.
A bat comes into view.
Found 5 stones and a short sword.
You shoot a sling bullet. The sling bullet hits the bat.
The bat is moderately wounded.
The bat hits you but does no damage.
You shoot a sling bullet. The sling bullet hits the bat.
You kill the bat!
No target in view!
No target in view!
As you open the door, it creaks loudly!
A quokka comes into view.
You shoot a sling bullet. The sling bullet hits the quokka.
The quokka is almost dead.
You shoot a sling bullet. The sling bullet misses the quokka.
You shoot a sling bullet. The sling bullet hits the quokka.
You kill the quokka!
No target in view!
There is an open door here.
g - 2 scrolls labelled NYPNEKITUPP (gained 1)
A giant cockroach comes into view.
You shoot a sling bullet.
The sling bullet hits the giant cockroach.
You kill the giant cockroach!
You hear an angry hiss.
Your Dodging skill increases to level 2!
No target in view!
No target in view!
You see here a giant cockroach corpse.
A ball python comes into view.
You shoot a sling bullet. The sling bullet hits the ball python.
You kill the ball python!
You have reached level 2!
You open the door.
You see here a bat corpse.
You see here a quokka corpse.
You now have 21 gold pieces (gained 9).
An endoplasm comes into view.
You shoot a sling bullet. The sling bullet hits the endoplasm.
You kill the endoplasm!
No target in view!
No target in view!
You now have 36 gold pieces (gained 15).
k - 2 sedimented coppery potions 2 goblins come into view.
You shoot a sling bullet. The sling bullet hits the goblin.
You kill the goblin!
The goblin shouts!
You shoot a sling bullet. The sling bullet hits the goblin.
You kill the goblin!
No target in view!
No target in view!
A ball python comes into view.
You shoot a sling bullet. The sling bullet hits the ball python!
You kill the ball python!
No target in view!
No target in view!
You see here a +0 club.
Things that are here:
a +0 club; a goblin corpse A ball python comes into view.
Found a book of Changes.
The ball python hisses angrily.
You shoot a sling bullet. The sling bullet hits the ball python!
You kill the ball python!
No target in view!
No target in view!
You pick up a book of Changes and begin reading...
You add the spells Beastly Appendage, Wereblood and Spider Form to your library.
g - 4 scrolls labelled NYPNEKITUPP (gained 2)
A goblin comes into view. It is wielding a +0 club.
You shoot a sling bullet. The sling bullet hits the goblin.
You kill the goblin!
No target in view!
No target in view!
You see here a +0 club.
You see here a +0 club.
A bat comes into view.
You shoot a sling bullet. The sling bullet hits the bat.
You kill the bat!
No target in view!
No target in view!
Found a stone staircase leading down.
No target in view!
There is a stone staircase leading down here.
g - 5 scrolls labelled NYPNEKITUPP (gained 1) Done exploring.
Done exploring.
There is a stone staircase leading down here.
You climb downwards.
Found a sling.
Found a stone staircase leading up and a stone staircase leading down.
There is a stone staircase leading up here.
As you read the scroll labelled NYPNEKITUPP, it crumbles to dust.
It is a scroll of identify.
e - a scroll of teleportation
As you read the scroll of identify, it crumbles to dust.
f - a scroll of enchant weapon
As you read the scroll of identify, it crumbles to dust.
h - a scroll of noise As you open the door, it creaks loudly!
You hear an angry hiss.
A rat comes into view.
A frilled lizard comes into view.
The rat moves out of view.
There is an open door here.
You shoot a sling bullet.
The sling bullet hits the frilled lizard!
You kill the frilled lizard!
No target in view!
No target in view!
You shoot a sling bullet. The sling bullet hits the rat.
You kill the rat!
No target in view!
No target in view!
You open the door.
There is an open door here.
Found 5 stones.
You see here 5 stones.
Found an escape hatch in the floor.
Found a sparkling altar of Nemelex Xobeh.
There is an escape hatch in the floor here.
Found a stone staircase leading down.
Found a stone staircase leading up.
A dart slug comes into view.
Found 9 gold pieces.
You shoot a sling bullet. The sling bullet hits the dart slug.
The dart slug is heavily wounded.
You shoot a sling bullet. The sling bullet hits the dart slug.
The dart slug is heavily wounded.
You shoot a sling bullet. The sling bullet hits the dart slug!
You kill the dart slug!
Your Stealth skill increases to level 1!
No target in view!
No target in view!
A hobgoblin comes into view.
You shoot a sling bullet. The hobgoblin shouts!
The sling bullet hits the hobgoblin.
The hobgoblin is heavily wounded.
You shoot a sling bullet. The sling bullet hits the hobgoblin.
The hobgoblin is severely wounded.
An endoplasm comes into view.
You shoot a sling bullet.
The sling bullet closely misses the hobgoblin.
The sling bullet hits the endoplasm but does no damage.
You shoot a sling bullet.
The sling bullet hits the hobgoblin but does no damage.
The hobgoblin is severely wounded.
The hobgoblin hits you.
You shoot a sling bullet. The sling bullet hits the hobgoblin.
You kill the hobgoblin!
You shoot a sling bullet. The sling bullet hits the endoplasm.
The endoplasm is lightly wounded.
You shoot a sling bullet. The sling bullet hits the endoplasm.
You kill the endoplasm!
No target in view!
No target in view!
HP restored.
You see here a hobgoblin corpse.
You now have 45 gold pieces (gained 9).
You see here a dart slug corpse.
A bat comes into view.
A bat is nearby!
You shoot a sling bullet. The sling bullet hits the bat.
The bat is severely wounded.
You shoot a sling bullet. The sling bullet barely misses the bat.
The bat closely misses you.
You shoot a sling bullet. The sling bullet misses the bat.
The bat hits you but does no damage.
You shoot a sling bullet. The sling bullet hits the bat.
You kill the bat!
You open the door.
There is an open door here.
As you open the door, it creaks loudly!
There is an open door here.
A goblin comes into view. It is wielding a +0 spear.
The goblin moves out of view.
A goblin is nearby!
You shoot a sling bullet.
The sling bullet closely misses the goblin.
The goblin shouts!
You shoot a sling bullet.
The sling bullet barely misses the goblin.
You shoot a sling bullet.
The sling bullet closely misses the goblin.
You shoot a sling bullet. The sling bullet hits the goblin!
You kill the goblin!
No target in view!
No target in view!
Things that are here:
a +0 spear; a goblin corpse You open the door.
There is an open door here.
You open the door.
A hobgoblin comes into view.
There is an open door here.
You shoot a sling bullet. The sling bullet hits the hobgoblin.
The hobgoblin is severely wounded.
You hear a shout!
A goblin comes into view. It is wielding a +0 club.
You shoot a sling bullet. The sling bullet hits the hobgoblin.
You kill the hobgoblin!
You shoot a sling bullet.
The sling bullet barely misses the goblin.
You shoot a sling bullet.
The sling bullet barely misses the goblin.
You shoot a sling bullet.
The sling bullet barely misses the goblin.
You shoot a sling bullet.
The sling bullet closely misses the goblin.
The goblin hits you with a +0 club. The goblin misses you.
You shoot a sling bullet.
The sling bullet closely misses the goblin.
The goblin hits you with a +0 club.
You shoot a sling bullet. The sling bullet hits the goblin.
The goblin is heavily wounded.
The goblin hits you with a +0 club.
You shoot a sling bullet. The sling bullet hits the goblin.
The goblin is severely wounded.
The goblin hits you with a +0 club. The goblin misses you.
You shoot a sling bullet.
The sling bullet closely misses the goblin.
The goblin closely misses you.
You shoot a sling bullet.
The sling bullet closely misses the goblin.
The goblin hits you with a +0 club.
You shoot a sling bullet. The sling bullet hits the goblin.
You kill the goblin!
No target in view!
Found a dagger.
You open the door.
There is an open door here.
You see here a +2 dagger of electrocution.
l - a +2 dagger of electrocution Adjust to which letter? (? for menu, Esc to quit)
a - a +2 dagger of electrocution;
l - a +1 sling (weapon)
Adjust to which letter? (? for menu, Esc to quit)
b - a +1 sling (weapon);
l - a scroll of poison As you open the door, it creaks loudly!
A rat comes into view.
You hear the crackle of electricity.
a - a +2 dagger of electrocution (weapon)
The rat closely misses you.
You barely miss the rat. The rat barely misses you.
You hit the rat. Lightning courses through the rat!
You kill the rat!
Your +2 dagger of electrocution stops crackling.
b - a +1 sling (weapon)
A bat comes into view.
There is an open door here.
You see here a rat corpse.
You shoot a sling bullet. The sling bullet misses the bat.
You shoot a sling bullet. The sling bullet hits the bat.
You kill the bat!
No target in view!
No target in view!
Found a stone staircase leading down.
Found a chain mail.
A dart slug comes into view.
Found a fizzy coppery potion and a scroll labelled GAIXKY NIANIPITYAT.
You shoot a sling bullet. The sling bullet hits the dart slug.
The dart slug is moderately wounded.
You shoot a sling bullet. The sling bullet hits the dart slug.
The dart slug is heavily wounded.
You shoot a sling bullet. The sling bullet hits the dart slug.
The dart slug is severely wounded.
You shoot a sling bullet.
The sling bullet barely misses the dart slug.
The dart slug launches a dart at you. The slug dart hits you.
You shoot a sling bullet. The sling bullet hits the dart slug.
The dart slug is almost dead.
The dart slug launches a dart at you. The slug dart misses you.
You shoot a sling bullet. The sling bullet hits the dart slug.
You kill the dart slug!
You have reached level 3!
Your experience leads to a dramatic increase in your attributes!
Increase (S)trength, (I)ntelligence, or (D)exterity?
You feel agile. x4
m - a fizzy coppery potion
n - a scroll labelled GAIXKY NIANIPITYAT
There is a stone staircase leading down here.
A kobold comes into view. It is wielding a +0 whip.
You shoot a sling bullet.
The sling bullet hits the kobold but does no damage.
You shoot a sling bullet. The sling bullet hits the kobold.
You kill the kobold!
No target in view!
No target in view!
Found 4 stones.
You see here a +0 whip.
You open the door.
A bat comes into view.
Found 5 stones and a glowing sapphire potion.
The bat hits you but does no damage.
There is an open door here.
You shoot a sling bullet.
The sling bullet completely misses the bat.
The bat hits you but does no damage. x3
You shoot a sling bullet. The sling bullet barely misses the bat.
The bat hits you but does no damage.
You shoot a sling bullet.
The sling bullet hits the bat but does no damage.
The bat barely misses you.
You shoot a sling bullet. The sling bullet hits the bat.
You kill the bat!
No target in view!
No target in view!
A ball python comes into view.
You shoot a sling bullet. The sling bullet hits the ball python!
You kill the ball python!
No target in view!
No target in view!
o - a glowing sapphire potion A hobgoblin comes into view.
You shoot a sling bullet. The sling bullet hits the hobgoblin.
You kill the hobgoblin!
No target in view!
No target in view!
Found an escape hatch in the ceiling.
No target in view!
You open the door.
There is an open door here.
You open the door.
There is an open door here.
There is an open door here.
Natasha, Servant of Life and Death comes into view.
You hear the crackle of electricity.
a - a +2 dagger of electrocution (weapon)
The helpless Natasha fails to defend herself.
You puncture Natasha!
Natasha is severely wounded.
Natasha barely misses you.
You hit Natasha.
Natasha is almost dead.
Natasha barely misses you.
You hit Natasha.
You kill Natasha!
Natasha growls in agony!
Your Short Blades skill increases to level 1!
Your +2 dagger of electrocution stops crackling.
b - a +1 sling (weapon)
You hear a zap.
You hear a grinding noise.
You hear a zap.
You hear a grinding noise.
You hear a zap.
You hear a grinding noise.
You hear a zap.
You hear a grinding noise.
You hear a zap.
You hear a grinding noise.
A hobgoblin comes into view.
The hobgoblin shouts!
The hobgoblin moves out of view.
No target in view!
You shoot a sling bullet. The sling bullet hits the hobgoblin.
The hobgoblin is almost dead.
The hobgoblin closely misses you.
You hear the crackle of electricity.
a - a +2 dagger of electrocution (weapon)
You hit the hobgoblin.
You kill the hobgoblin!
Your +2 dagger of electrocution stops crackling.
b - a +1 sling (weapon)
You see here a hobgoblin corpse.
p - a scroll labelled UTUREMUTOUT You open the door.
There is an open door here.
There is an open door here.
There is an open door here.
You see here 5 stones.
You now have 50 gold pieces (gained 5).
You see here 4 stones.
You see here a +0 whip.
Natasha, Servant of Life and Death comes into view.
Natasha moves out of view.
You now have 62 gold pieces (gained 12).
There is an open door here.
g - 3 scrolls of identify (gained 1)
A rat comes into view.
The rat moves out of view.
Done exploring.
There is a stone staircase leading down here.
You shoot a sling bullet.
The sling bullet closely misses the rat.
You shoot a sling bullet. The sling bullet barely misses the rat.
You shoot a sling bullet. The sling bullet hits the rat!
You kill the rat!
No target in view!
There is an open door here.
There is an open door here.
There is a stone staircase leading down here.
You open the door.
There is an open door here.
There is an open door here.
There is an open door here.
There is a sparkling altar of Nemelex Xobeh here.
You see here a +0 spear.
There is a stone staircase leading down here.
There is an open door here.
There is an open door here.
What are your orders? t - Shout!
Orders for allies: a - Attack new target. r - Retreat! s - Stop attacking. g - Guard the area. f - Follow me.
Anything else - Cancel.
You shout for attention!
You hear an angry hiss.
Natasha hisses angrily.
What are your orders? t - Shout!
Orders for allies: a - Attack new target. r - Retreat! s - Stop attacking. g - Guard the area. f - Follow me.
Anything else - Cancel.
Okay, then.
Fire: b) +1 sling
Press: ? - help, Q - select action, (/) - cycle Shift-Dir - straight line, f - Natasha
Aim: Natasha (53% to hit)
Okay, then.
You hear the crackle of electricity.
a - a +2 dagger of electrocution (weapon)
You hit Natasha. Lightning courses through Natasha!!
You kill Natasha!
Natasha screams in fury as she dies!
You have reached level 4!
You see here the felid corpse of Natasha.
What are your orders? t - Shout!
Orders for allies: a - Attack new target. r - Retreat! s - Stop attacking. g - Guard the area. f - Follow me.
Anything else - Cancel.
You shout for attention!
What are your orders? t - Shout!
Orders for allies: a - Attack new target. r - Retreat! s - Stop attacking. g - Guard the area. f - Follow me.
Anything else - Cancel.
You shout for attention!
What are your orders? t - Shout!
Orders for allies: a - Attack new target. r - Retreat! s - Stop attacking. g - Guard the area. f - Follow me.
Anything else - Cancel.
You shout for attention!
What are your orders? t - Shout!
Orders for allies: a - Attack new target. r - Retreat! s - Stop attacking. g - Guard the area. f - Follow me.
Anything else - Cancel.
You shout for attention!
What are your orders? t - Shout!
Orders for allies: a - Attack new target. r - Retreat! s - Stop attacking. g - Guard the area. f - Follow me.
Anything else - Cancel.
You shout for attention!
There is an open door here.
What are your orders? t - Shout!
Orders for allies: a - Attack new target. r - Retreat! s - Stop attacking. g - Guard the area. f - Follow me.
Anything else - Cancel.
You shout for attention!
What are your orders? t - Shout!
Orders for allies: a - Attack new target. r - Retreat! s - Stop attacking. g - Guard the area. f - Follow me.
Anything else - Cancel.
You shout for attention!
What are your orders? t - Shout!
Orders for allies: a - Attack new target. r - Retreat! s - Stop attacking. g - Guard the area. f - Follow me.
Anything else - Cancel.
You shout for attention!
There is an open door here.
What are your orders? t - Shout!
Orders for allies: a - Attack new target. r - Retreat! s - Stop attacking. g - Guard the area. f - Follow me.
Anything else - Cancel.
You shout for attention!
What are your orders? t - Shout!
Orders for allies: a - Attack new target. r - Retreat! s - Stop attacking. g - Guard the area. f - Follow me.
Anything else - Cancel.
You shout for attention!
What are your orders? t - Shout!
Orders for allies: a - Attack new target. r - Retreat! s - Stop attacking. g - Guard the area. f - Follow me.
Anything else - Cancel.
You shout for attention!
You hear an angry hiss.
What are your orders? t - Shout!
Orders for allies: a - Attack new target. r - Retreat! s - Stop attacking. g - Guard the area. f - Follow me.
Anything else - Cancel.
You shout for attention!
What are your orders? t - Shout!
Orders for allies: a - Attack new target. r - Retreat! s - Stop attacking. g - Guard the area. f - Follow me.
Anything else - Cancel.
You shout for attention!
What are your orders? t - Shout!
Orders for allies: a - Attack new target. r - Retreat! s - Stop attacking. g - Guard the area. f - Follow me.
Anything else - Cancel.
You shout for attention!
You hear an angry hiss.
What are your orders? t - Shout!
Orders for allies: a - Attack new target. r - Retreat! s - Stop attacking. g - Guard the area. f - Follow me.
Anything else - Cancel.
You shout for attention!
Natasha, Servant of Life and Death comes into view.
She is carrying a wand of polymorph (14).
Natasha mumbles some strange words.
The crimson imp blinks!
There is a stone staircase leading down here.
Natasha claws you.
You barely miss Natasha. Natasha barely misses you.
You hit Natasha.
Natasha is lightly wounded.
Natasha claws you!
You hit Natasha.
Natasha is lightly wounded.
The crimson imp hits you. Natasha barely misses you.
You closely miss Natasha.
Natasha is lightly wounded.
The crimson imp closely misses you. Natasha barely misses you.
You hit Natasha. Lightning courses through Natasha!
You kill Natasha!
You feel Natasha's spirit has finally been put to rest.
The crimson imp disappears in a puff of smoke!
Your Short Blades skill increases to level 2!
Your Stealth skill increases to level 2!
q - a wand of polymorph (14)
Your +2 dagger of electrocution stops crackling.
b - a +1 sling (weapon)
You start resting.
You start resting.
HP restored.
There is a stone staircase leading down here.
Unknown command.
Done exploring.
You can't go down here!
Unknown command.
Done exploring.
There is a stone staircase leading down here.
Unknown command.
As you read the scroll of identify, it crumbles to dust.
n - a scroll of vulnerability
As you read the scroll of identify, it crumbles to dust.
p - a scroll of fear You climb downwards.
There is a stone staircase leading up here.
You open the door.
A black bear comes into view.
The black bear growls angrily.
There is a stone staircase leading up here.
Unknown command.
Casting: Slow (safe; 9% risk of failure)
Confirm with . or Enter, or press ? or * to list all spells.
Aiming: Slow (safe; 9% risk of failure)
Press: ? - help, Shift-Dir - straight line, f - black bear
Aim: a black bear (chance to affect: 41%)
The black bear resists with some effort.
Casting: Slow (safe; 9% risk of failure)
Confirm with . or Enter, or press ? or * to list all spells.
Aiming: Slow (safe; 9% risk of failure)
Press: ? - help, Shift-Dir - straight line, f/p - black bear
Aim: a black bear (chance to affect: 41%)
The black bear resists with some effort.
Casting: Slow (safe; 9% risk of failure)
Confirm with . or Enter, or press ? or * to list all spells.
Aiming: Slow (safe; 9% risk of failure)
Press: ? - help, Shift-Dir - straight line, f/p - black bear
Aim: a black bear (chance to affect: 41%)
The black bear seems to slow down.
Fire: b) +1 sling
Press: ? - help, Q - select action, (/) - cycle Shift-Dir - straight line, f/p - black bear
Aim: a black bear (slow, 68% to hit)
You shoot a sling bullet. The sling bullet hits the black bear!
The black bear is moderately wounded.
Fire: b) +1 sling
Press: ? - help, Q - select action, (/) - cycle Shift-Dir - straight line, f/p - black bear
Aim: a black bear (moderately wounded, slow, 68% to hit)
You shoot a sling bullet. The sling bullet hits the black bear.
The black bear is heavily wounded.
You hear the crackle of electricity.
a - a +2 dagger of electrocution (weapon)
You hit the black bear.
The black bear is heavily wounded.
The black bear bites you! The black bear closely misses you. x2
You hit the black bear.
The black bear is heavily wounded.
The black bear is no longer moving slowly.
The black bear bites you. The black bear barely misses you.
The black bear claws you.
You hit the black bear.
The black bear is severely wounded.
The black bear misses you. The black bear barely misses you. x2
You hit the black bear.
The black bear is severely wounded.
You barely miss the black bear.
The black bear is severely wounded.
The black bear goes berserk!
You barely miss the black bear.
The black bear is severely wounded.
The black bear closely misses you. The black bear claws you. x2
The black bear misses you.
The black bear claws you but does no damage.
The black bear claws you.
* * * LOW HITPOINT WARNING * * *
You hit the black bear but do no damage.
The black bear is severely wounded.
The black bear completely misses you. The black bear claws you.
* * * LOW HITPOINT WARNING * * *
The black bear claws you.
You die...

Skill      XL: |  1  2  3  4 |
---------------+-------------+-----
Ranged Weapons | 2 |  2.6
Dodging        | 2 |  2.6
Stealth        | 1 2 |  2.0
Short Blades   | 1 2 |  2.0
Fighting       | |  0.8
Spellcasting   | |  1.0
Hexes          | |  2.6

Action                     |  1- 3 |  4- 6 || total
---------------------------+-------+-------++-------
  Melee: Dagger            |     7 |    12 ||    19
   Fire: Sling             |    81 |     2 ||    83
   Cast: Slow              |       |     3 ||     3
    Use: Scroll            |     3 |     2 ||     5
   Stab: Sleeping          |     1 |       ||     1
 Armour: Robe              |     8 |     1 ||     9
  Dodge: Dodged            |    17 |    13 ||    30

Levels and vault maps discovered:
D:1:      noname_arrival_rooms_in_the_neighbourhood, layout_basic
D:2:      layout_basic, basic_altar, uniq_natasha
D:3:      layout_loops_corners, grunt_qazlal_clouds,
          ebering_ghost_reflecting_pool

Notes
Turn   | Place    | Note
-------+----------+-------------------------------------------
     0 | D:1      | scionoferis the Demigod Hexslinger began the quest for the
                  | Orb.
     0 | D:1      | Reached XP level 1. HP: 15/15 MP: 4/4
   184 | D:1      | Reached skill level 2 in Ranged Weapons
   234 | D:1      | Reached skill level 2 in Dodging
   242 | D:1      | Reached XP level 2. HP: 22/22 MP: 5/5
   694 | D:2      | Reached skill level 1 in Stealth
   908 | D:2      | Reached XP level 3. HP: 24/27 MP: 6/6
  1040 | D:2      | Noticed Natasha
  1045 | D:2      | Killed Natasha
  1046 | D:2      | Reached skill level 1 in Short Blades
  1166 | D:2      | Noticed Natasha
  1506 | D:2      | Killed Natasha
  1507 | D:2      | Reached XP level 4. HP: 34/34 MP: 8/8
  1565 | D:2      | Noticed Natasha
  1573 | D:2      | Killed Natasha
  1574 | D:2      | Reached skill level 2 in Short Blades
  1574 | D:2      | Reached skill level 2 in Stealth
  1675 | D:3      | Noticed a black bear
  1691 | D:3      | HP: 3/34 [black bear (6)]
  1691 | D:3      | Slain by a black bear

Vanquished Creatures
  Natasha (thrice) (D:2)
  2 dart slugs (D:2)
  5 ball pythons (D:1 D:2)
  5 bats (D:1 D:2)
  2 endoplasms (D:1 D:2)
  A giant cockroach (D:1)
  5 hobgoblins (D:1 D:2)
  A quokka (D:1)
  A frilled lizard (D:2)
  5 goblins (D:1 D:2)
  A kobold (D:2)
  6 rats (D:1 D:2)
37 creatures vanquished.

Table legend: (Time is in decaauts)
 A = Elapsed time spent in this place.
 B = Non-inter-level travel time spent in this place.
 C = Inter-level travel time spent in this place.
 D = Time resting spent in this place.
 E = Time spent auto-exploring this place.
 F = Levels seen in this place.
 G = Mean time per level.
                   A        B        C        D        E       F      G
               +--------+--------+--------+--------+--------+-----+--------+
         Total |   1707 |   1508 |    199 |     39 |   1158 |   3 |  569.0 |
       Dungeon |   1707 |   1508 |    199 |     39 |   1158 |   3 |  569.0 |
               +--------+--------+--------+--------+--------+-----+--------+

Top non-repeatable levels by time:
     D:2: 1060 daAuts
     D:1: 627 daAuts
     D:3: 19 daAuts

Table legend:
 A = Non-vault XP
 B = Vault XP
 C = Vault XP percentage of total XP
 D = Non-vault monster count
 E = Vault monster count
 F = Vault count percentage of total count
                 A         B        C        D         E       F
            +---------+---------+-------+---------+---------+-------
      Total |     135 |      35 |  20.6 |      36 |       1 |   2.7
            +---------+---------+-------+---------+---------+-------
        D:1 |      27 |       0 |   0.0 |      16 |       0 |   0.0
        D:2 |     108 |      35 |  24.5 |      20 |       1 |   4.8
            +---------+---------+-------+---------+---------+-------
